 Dungeon Crawl Stone Soup version 0.30.1-11-g7821555f0a (webtiles) character file.

Game seed: 11348171704045998012

366897 Peloso the Minotaur Barricade (level 21, -5/207 HPs)
             Began as a Minotaur Fighter on Jan 11, 2024.
             Was the Champion of Okawaru.
             Killed by the air
             ... invoked by a titan
              (35 damage)
             ... on level 5 of the Vaults on Jan 12, 2024.
             The game lasted 01:48:46 (40772 turns).

Peloso the Minotaur Barricade (Minotaur Fighter)   Turns: 40772, Time: 01:48:46

Health: -5/207     AC: 35    Str: 25    XL:     21   Next: 61%
Magic:  30/31      EV: 23    Int:  5    God:    Okawaru [******]
Gold:   5838       SH: 20    Dex: 25    Spells: 20/20 levels left

rFire   + . .        a - +10 Maxwell's thermic engine {flame, freeze, rev}
rCold   . . .        d - +0 kite shield {reflect}
rNeg    + + .        n - +8 chain mail of Tartarus {*Slow rF+ rN++ Regen+}
rPois   +            P - +0 hat {Will+}
rElec   .            J - scarf "Ugikliog" {+Inv, +Blink rPois MP+9 Dex+2}
rCorr   +            C - +2 pair of gloves
SInv    .            Z - +1 pair of boots of Philately {+Inv rCorr Dex+6}
Will    ++...        t - amulet of regeneration
Stlth   ++           g - +4 ring of protection
HPRegen 2.14/turn    w - +4 ring of slaying
MPRegen 0.22/turn

%: slow self (1%), reflection
@: heroic, marked, studying 2 skills
A: horns 2, retaliatory headbutt
}: 2/15 runes: decaying, gossamer
a: Renounce Religion, Evoke Blink, Evoke Invisibility, Heroism, Finesse, Duel


You were on level 5 of the Vaults.
You worshipped Okawaru.
Okawaru was exalted by your worship.
You visited 8 branches of the dungeon, and saw 39 of its levels.
You visited 1 bazaar.

You collected 6551 gold pieces.
You spent 713 gold pieces at shops.

Inventory:

Hand Weapons
 a - the +10 Maxwell's thermic engine (weapon) {flame, freeze, rev}
   (You acquired it on level 1 of the Elven Halls)
 b - the +2 double sword "Goblinslayer" {pain, rF+}
   (Okawaru gifted it to you on level 4 of the Lair of Beasts)

   rF:        It protects you from fire.
 F - the +9 long sword of Edwyt {speed, *Noise rF+ rC+ rN+ Stlth+}
   (You took it off a deep elf annihilator on level 3 of the Elven Halls)

   rF:        It protects you from fire.
   rC:        It protects you from cold.
   rN:        It protects you from negative energy.
   *Noise:    It may make noises in combat.
   Stlth:     It makes you more stealthy.
 G - a +2 demon blade of venom
Armour
 d - a +0 kite shield of reflection (worn)
 h - a +0 cloak of willpower
 n - the +8 chain mail of Tartarus (worn) {*Slow rF+ rN++ Regen+}
   (You found it on level 5 of the Dungeon)

   rF:        It protects you from fire.
   rN:        It greatly protects you from negative energy.
   Regen:     It increases your rate of health regeneration.
   *Slow:     It may slow you when you take damage.
 C - a +2 pair of gloves (worn)
 J - the scarf "Ugikliog" (worn) {+Inv, +Blink rPois MP+9 Dex+2}
   (You found it on level 3 of the Elven Halls)

   Dex:       It affects your dexterity (+2).
   rPois:     It protects you from poison.
   MP:        It affects your magic capacity (+9).
   +Blink:    It lets you blink.
 P - a +0 hat of willpower (worn)
 R - +0 shadow dragon scales
 S - the +0 hat of Seuj {*Corrode +Inv rElec rPois}
   (Okawaru gifted it to you on level 3 of the Elven Halls)

   rElec:     It insulates you from electricity.
   rPois:     It protects you from poison.
   +Inv:      It lets you turn invisible.
   *Corrode:  It may corrode you when you take damage.
 W - the +7 plate armour "Senaalo" {Dex+4}
   (Okawaru gifted it to you on level 3 of the Lair of Beasts)

   Dex:       It affects your dexterity (+4).
 Z - the +1 pair of boots of Philately (worn) {+Inv rCorr Dex+6}
   (Okawaru gifted it to you on level 5 of the Lair of Beasts)

   Dex:       It affects your dexterity (+6).
   +Inv:      It lets you turn invisible.
   rCorr:     It protects you from acid and corrosion.
Jewellery
 c - a +6 ring of strength
 g - a +4 ring of protection (left hand)
 k - an amulet of magic regeneration
 o - a ring of protection from fire
 t - an amulet of regeneration (around neck)
 w - a +4 ring of slaying (right hand)
 z - the ring "Goarghoimm" {rF+ Will+ EV+5 Stlth+}
   (You took it off a deep elf high priest on level 3 of the Elven Halls)

   [ring of evasion]

   EV:        It affects your evasion (+5).
   rF:        It protects you from fire.
   Will:      It increases your willpower.
   Stlth:     It makes you more stealthy.
 H - a +5 ring of evasion
 N - a ring of flight
 U - a ring of ice
 V - a ring of see invisible
Wands
 p - a wand of digging (3)
 q - a wand of mindburst (31)
 v - a wand of iceblast (3)
 y - a wand of polymorph (4)
Scrolls
 f - a scroll of acquirement
 i - 7 scrolls of immolation
 j - 19 scrolls of teleportation
 l - 6 scrolls of poison
 r - 10 scrolls of identify
 s - 4 scrolls of magic mapping
 x - a scroll of brand weapon
 B - 3 scrolls of enchant weapon
 K - a scroll of silence
Potions
 e - 6 potions of might
 m - 3 potions of mutation
 A - 17 potions of curing
 D - a potion of heal wounds
 I - 11 potions of flight
 L - 5 potions of invisibility
 M - a potion of ambrosia
 O - 6 potions of haste
 Q - 4 potions of berserk rage
 T - 2 potions of resistance
Miscellaneous
 u - a phial of floods


   Skills:
 + Level 22.3(27) Fighting
 + Level 23.3(27) Long Blades
 + Level 17.4(22.4) Armour
 + Level 12.2(17.2) Dodging
 + Level 3.2(8.2) Stealth
 O Level 27 Shields
 + Level 0.8(5.8) Unarmed Combat
 + Level 2.7 Invocations
 + Level 1.6 Evocations


You had 20 spell levels left.
You didn't know any spells.
Your spell library contained the following spells:

 Spells                   Type           Power      Damage    Failure   Level
 Apportation              Tloc           0%         N/A       78%         1
 Foxfire                  Conj/Fire      0%         2x1d4     78%         1
 Magic Dart               Conj           0%         1d3       78%         1
 Necrotise                Necr           0%         1d4       78%         1
 Sandblast                Erth           0%         2d4       78%         1
 Shock                    Conj/Air       0%         1d3       78%         1
 Slow                     Hex            0%         N/A       78%         1
 Blink                    Tloc           0%         N/A       89%         2
 Ensorcelled Hibernation  Hex/Ice        0%         N/A       89%         2
 Lesser Beckoning         Tloc           0%         N/A       89%         2
 Passwall                 Tmut/Erth      0%         N/A       89%         2
 Searing Ray              Conj           0%         2d4       89%         2
 Confusing Touch          Hex            0%         N/A       98%         3
 Dazzling Flash           Conj/Hex       0%         N/A       98%         3
 Gell's Gravitas          Tloc           0%         N/A       98%         3
 Inner Flame              Hex/Fire       0%         N/A       98%         3
 Ozocubu's Armour         Ice            0%         N/A       98%         3
 Spider Form              Tmut/Pois      0%         N/A       98%         3
 Stone Arrow              Conj/Erth      0%         3d7       98%         3
 Swiftness                Air            0%         N/A       98%         3
 Teleport Other           Tloc           0%         N/A       98%         3
 Vampiric Draining        Necr           0%         2d6       98%         3
 Volatile Blastmotes      Fire/Tloc      0%         2d10      98%         3
 Airstrike                Air            0%         2d(0-16)  100%        4
 Anguish                  Hex/Necr       0%         N/A       100%        4
 Flame Wave               Conj/Fire      0%         2d4       100%        4
 Fulminant Prism          Conj/Hex       0%         3d5       100%        4
 Iskenderun's Mystic Bla  Conj/Tloc      0%         2d3       100%        4
 Manifold Assault         Tloc           0%         N/A       100%        4
 Sticky Flame             Conj/Fire      0%         2d3       100%        4
 Alistair's Intoxication  Tmut/Pois      0%         N/A       100%        5
 Borgnjor's Vile Clutch   Necr/Erth      0%         N/A       100%        5
 Fireball                 Conj/Fire      0%         3d3       100%        5
 Iskenderun's Battlesphe  Conj           0%         2d6       100%        5
 Lee's Rapid Deconstruct  Erth           0%         3d4*      100%        5
 Metabolic Englaciation   Hex/Ice        0%         N/A       100%        5
 Conjure Ball Lightning   Conj/Air       0%         3x3d6     100%        6
 Dispersal                Tloc           0%         N/A       100%        6
 Eringya's Noxious Bog    Tmut/Pois      0%         N/A       100%        6
 Plasma Beam              Fire/Air       0%         2x1d11    100%        6
 Starburst                Conj/Fire      0%         6d3       100%        6
 Orb of Destruction       Conj           0%         9d5       100%        7
 Ozocubu's Refrigeration  Ice            0%         4d7       100%        7
 Storm Form               Tmut/Air       0%         N/A       100%        7
 Borgnjor's Revivificati  Necr           0%         N/A       100%        8
 Disjunction              Tloc           0%         N/A       100%        8
 Necromutation            Tmut/Necr      0%         N/A       100%        8
 Death's Door             Necr           0%         N/A       100%        9
 Summon Small Mammal      Summ           Unusable   N/A       N/A         1
 Simulacrum               Ice/Necr       Unusable   N/A       N/A         6

Dungeon Overview and Level Annotations

Branches:
Dungeon (15/15)            Temple (1/1) D:5            Lair (5/5) D:8
  Swamp (4/4) Lair:3       Spider (4/4) Lair:2        Slime (0/5) Lair:4
    Orc (2/2) D:10            Elf (3/3) Orc:2        Vaults (5/5) D:14
  Crypt (0/3) Vaults:2     Depths (0/4) D:15

Altars:
Ashenzari
Cheibriados
Dithmenos
Elyvilon
Fedhas
Gozag
Hepliaklqana
Kikubaaqudgha
Makhleb
Nemelex Xobeh
Okawaru
Qazlal
Ru
Sif Muna
Trog
Uskayaw
Vehumet
Wu Jian
Xom
Yredelemnul
Zin
The Shining One
Jiyva
Lugonu

Shops:
D:8 *   Orc:1 *   Orc:2 *(![   Elf:1 [:   Elf:3 :!!   Vaults:1 [[

Portals:
Abyss: Lair:5
Trove: Vaults:1 (show slimy rune of Zot)

Annotations:
D:4 Ijyb
Lair:3 Casa
Elf:2 3 runed translucent doors


Innate Abilities, Weirdness & Mutations

You have a pair of horns on your head.
You reflexively headbutt those who attack you in melee.


Message History

The deep elf high priest completely misses you.
An ettin comes into view. It is wielding two +0 dire flails.
You block the frost giant's attack.
You hear some strange, mumbled words.
Something tries to affect you, but you resist.
The vault sentinel points at you and mumbles some strange words.
You barely resist.
You chop the vault warden into pieces!!!
You burn the vault warden!!
You kill the vault warden!
Okawaru accepts your kill.
The runic seals fade away.
You block the ettin's attack.
The ettin hits you with a +0 dire flail!
You block the deep elf high priest's attack.
You block the frost giant's attack. The ettin completely misses you.
You furiously retaliate!
You headbutt the ettin!! You block the ettin's attack.
Your life force feels restored.
You chop the ettin into pieces!!! You burn the ettin.
You kill the ettin!
Okawaru accepts your kill. Something hits you but does no damage.
The vault sentinel points at you and mumbles some strange words.
You barely resist.
You block the deep elf high priest's attack.
You block the ettin's attack. The ettin hits you but does no damage.
The titan waves its arms in wide circles.
The air twists around and strikes you!!
* * * LOW HITPOINT WARNING * * *
The frost giant gestures at you while chanting.
The bolt of cold hits you!!
* * * LOW HITPOINT WARNING * * *
Blink to where?
Press: ? - help, Dir - move target
As you read the scroll of blinking, it crumbles to dust.
The vault sentinel casts a spell at you.
The mark upon you grows brighter.
A yaktaur captain comes into view.
The titan waves its arms in wide circles.
The air twists around and strikes you!!
You die...

#....#....##...###
#.)..#....###....####
.+##+....#....##.........
........+##....#..#..#####
#########.........##....
#######........########
.........C..[.........
......))..<<..........
.......CpC)[@.........
......)[.e<<)[........
#######..C.....##############
..c.........[†?.))........
.....#....#.[)..[.........
......#....#..#####......##
......#....#..# #..........
#.....#....#..##......[....
#.. #.e..#..#............


You could see a titan (empowered), a frost giant (empowered), a yaktaur captain,
2 ettins, a vault sentinel (empowered) and a deep elf high priest (brilliance
aura).

Vanquished Creatures
  An ancient lich (Vaults:5)
  Mara (Spider:3)
  Bai Suzhen (Swamp:3)
  Saint Roka (Vaults:3)
  Rupert (D:15)
  A lich (Vaults:5)
  3 deep elf master archers (Elf:3)
  Asterion (Spider:2)
  A deep elf blademaster (Elf:3)
  A titan (Vaults:5)
  A thorn hunter (Swamp:3)
  4 sphinxes
  3 tengu reavers
  A storm dragon (Vaults:5)
  Donald (Swamp:2)
  5 shadow dragons
  7 emperor scorpions
  A fire giant (Vaults:5)
  4 deep elf sorcerers
  Aizul (Vaults:3)
  6 ghost moths
  2 frost giants
  13 vault wardens
  8 very ugly things
  3 orc warlords
  14 ironbound preservers
  6 deep elf elementalists (Elf:3)
  11 ironbound thunderhulks
  A stone giant (Vaults:5)
  A vampire knight (Vaults:2)
  3 war gargoyles
  8 broodmothers
  6 eleionomae
  4 deep elf demonologists
  5 deep elf annihilators
  5 bunyips
  7 dire elephants
  4 spark wasps (Spider:3)
  3 crystal guardians
  7 deep elf death magi (Elf:3)
  2 ettins (Vaults:5)
  8 entropy weavers
  4 yaktaur captains
  2 deep elf high priests (Elf:3)
  An entropy weaver (shapeshifter) (Elf:3)
  3 shambling mangroves
  39 vault guards
  2 ghost crabs (Swamp:4)
  An ice dragon (Lair:3)
  5 jorogumos
  5 ogre magi
  3 peacekeepers
  A great orb of eyes (Vaults:2)
  5 radroaches
  7 centaur warriors
  15 hydras
  2 death knights
  A catoblepas (D:12)
  9 ironbound frosthearts
  Erica (D:8)
  8 two-headed ogres
  A two-headed ogre (shapeshifter) (Vaults:5)
  2 orc high priests (Elf:2)
  3 boulder beetles
  16 dancing weapons
  6 death scarabs (Spider:4)
  4 tengu warriors
  3 alligators
  6 death yaks
  4 thrashing horrors (Lair:5)
  8 deep elf knights
  3 skeletal warriors (D:14)
  3 skysharks
  5 pharaoh ants
  Lodul (D:11)
  6 goliath frogs
  4 sun moths
  8 orb spiders
  12 swamp dragons
  3 bog bodies (Swamp:2)
  2 glowing orange brains
  A spectral jorogumo (Spider:4)
  8 steelbarb worms
  5 spriggan druids
  16 orc knights
  7 wizards
  41 deep trolls
  3 spectral wolf spiders (Spider:4)
  A broodmother zombie (Spider:4)
  3 phantasmal warriors
  5 harpies (Vaults:2)
  24 ironbound convokers
  12 deep elf archers
  16 deep elf zephyrmancers
  8 lindwurms
  17 deep elf pyromancers
  5 necromancers
  17 wolf spiders
  2 orc sorcerers
  24 ugly things
  2 will-o-the-wisps
  A shadow dragon skeleton (Vaults:1)
  7 moths of wrath
  2 cyclopes
  A frost giant zombie (Vaults:1)
  2 manticores (D:13)
  12 vault sentinels
  11 demonic crawlers
  2 naga magi (D:15)
  5 black mambas
  4 torpor snails
  9 elephants
  Joseph (D:8)
  A centaur skeleton (D:15)
  A smoke demon (Lair:5)
  A gargoyle (D:12)
  2 unseen horrors
  7 cane toads
  A yaktaur (shapeshifter) (D:15)
  4 redback zombies
  Maggie (D:8)
  8 rime drakes
  8 komodo dragons
  2 tengu conjurers
  A freezing wraith (Vaults:5)
  6 yaktaurs
  2 ancient zymes (Lair:5)
  3 efreet
  5 trolls
  A meliai (shapeshifter) (Lair:5)
  A polar bear (Vaults:1)
  The ghost of Xaerxx the Ruffian, an amateur DrMo of Wu Jian (D:4)
  11 hornets
  3 spectral tarantellas (Spider:4)
  7 tyrant leeches
  2 spectral jumping spiders (Spider:4)
  A spectral culicivora (Spider:4)
  19 tarantellas
  17 blink frogs
  3 tarantella zombies (Spider:4)
  A large abomination (Lair:5)
  6 dream sheep (Lair:4)
  18 jumping spiders
  A centaur simulacrum (D:15)
  19 culicivoras
  23 slime creatures
  6 air elementals
  4 water elementals
  2 vampires
  12 spriggans
  4 wyverns
  39 yaks
  2 ynoxinuls (Lair:5)
  2 wraiths
  A yak (shapeshifter) (D:14)
  2 fire elementals (Elf:1)
  23 humans
  9 basilisks
  2 steam dragons
  70 redbacks
  A chaos spawn (Lair:5)
  A glowing shapeshifter zombie (Vaults:1)
  An acid dragon (D:11)
  4 vampire mosquitoes
  A redback simulacrum (D:15)
  Edmund (D:4)
  11 swamp worms
  9 water moccasins
  Duvessa (D:5)
  11 wargs
  7 swamp drakes
  A meliai simulacrum (D:12)
  A sky beast (D:7)
  A hornet zombie (D:15)
  A black bear (D:6)
  7 ice beasts
  37 orc warriors
  A boggart (shapeshifter) (Lair:5)
  9 centaurs
  25 ogres
  4 boggarts (D:14)
  18 wolves
  A phantom (D:5)
  6 kobold brigands
  12 bullfrogs
  10 small abominations (Lair:5)
  5 earth elementals
  5 scorpions
  2 necrophages (D:5)
  6 wights (D:5)
  Dowan (D:5)
  5 killer bees
  6 howler monkeys
  3 electric eels
  3 human zombies
  21 orc priests
  3 jellies
  2 gnoll boudas (D:9)
  A hound (D:5)
  A sleepcap (D:5)
  An iguana (D:4)
  11 orc wizards
  A scorpion zombie (D:5)
  2 mummies (D:5)
  Robin (D:2)
  15 gnolls
  7 adders
  A shadow imp (D:6)
  A worm (D:2)
  3 dart slugs
  74 orcs
  3 endoplasms
  3 giant cockroaches
  16 goblins
  10 hobgoblins
  25 kobolds
  4 quokkas
  6 ball pythons
  3 bats
  A frilled lizard (D:3)
  A rat (D:3)
  A butterfly (Lair:3)
1456 creatures vanquished.

Vanquished Creatures (others)
  A deep elf knight (Elf:1)
  A wizard (D:15)
  A rime drake (Swamp:4)
  3 bloated husks
  An air elemental (Elf:1)
  A water elemental (Elf:1)
  A swamp drake (Swamp:4)
  A centaur (D:13)
  An orc wizard (D:12)
  3 orcs
  4 foxfires
18 creatures vanquished.

Grand Total: 1474 creatures vanquished

Notes
Turn   | Place    | Note
-------+----------+-------------------------------------------
     0 | D:1      | Peloso the Minotaur Fighter began the quest for the Orb.
     0 | D:1      | Reached XP level 1. HP: 19/19 MP: 0/0
   395 | D:1      | Reached XP level 2. HP: 27/27 MP: 1/1
   805 | D:2      | Reached skill level 4 in Shields
   899 | D:2      | Reached XP level 3. HP: 33/33 MP: 2/2
  1188 | D:2      | Noticed Robin
  1210 | D:2      | Killed Robin
  1211 | D:2      | Reached XP level 4. HP: 40/40 MP: 3/3
  1904 | D:3      | Reached XP level 5. HP: 47/47 MP: 4/4
  2075 | D:3      | Found a sparkling altar of Nemelex Xobeh.
  2282 | D:4      | Noticed Edmund
  2299 | D:4      | Killed Edmund
  2300 | D:4      | Reached skill level 5 in Armour
  2300 | D:4      | Reached skill level 5 in Shields
  2300 | D:4      | Reached XP level 6. HP: 50/53 MP: 5/5
  2435 | D:4      | Reached skill level 1 in Dodging
  2447 | D:4      | Reached skill level 5 in Long Blades
  2594 | D:4      | Noticed Ijyb
  3259 | D:4      | Found a runed translucent door.
  3263 | D:4      | Noticed Xaerxx's ghost (amateur DrMo)
  3550 | D:5      | Entered Level 5 of the Dungeon
  3560 | D:5      | Reached skill level 5 in Fighting
  3698 | D:5      | Reached XP level 7. HP: 50/61 MP: 6/6
  3905 | D:5      | Found an ancient bone altar of Kikubaaqudgha.
  3956 | D:5      | Reached skill level 6 in Shields
  3972 | D:5      | Reached XP level 8. HP: 63/67 MP: 7/7
  4111 | D:5      | Noticed Dowan
  4112 | D:5      | Noticed Duvessa
  4126 | D:5      | Killed Duvessa
  4150 | D:5      | Killed Dowan
  4257 | D:5      | Found a staircase to the Ecumenical Temple.
  4269 | Temple   | Entered the Ecumenical Temple
  4665 | D:5      | Identified the +8 chain mail of Tartarus {*Slow rF+ rN++
                  | Regen+}
  4852 | D:6      | Found a broken altar of Ashenzari.
  4866 | D:6      | Reached skill level 7 in Shields
  5051 | D:6      | Found a shadowy altar of Dithmenos.
  5057 | D:6      | Found a blossoming altar of Fedhas.
  5060 | D:6      | Found an iron altar of Okawaru.
  5060 | D:6      | Found a sacrificial altar of Ru.
  5064 | D:6      | Became a worshipper of Warmaster Okawaru
  5165 | D:6      | Found a shimmering altar of Xom.
  5197 | D:6      | Reached XP level 9. HP: 78/78 MP: 8/8
  5201 | D:6      | Reached skill level 10 in Long Blades
  5236 | D:6      | Reached * piety under Okawaru
  5470 | D:7      | Reached skill level 8 in Shields
  5816 | D:7      | Reached ** piety under Okawaru
  6049 | D:8      | Noticed Joseph
  6056 | D:8      | Reached skill level 9 in Shields
  6108 | D:8      | Killed Joseph
  6199 | D:8      | Noticed Maggie
  6213 | D:8      | Killed Maggie
  6214 | D:8      | Reached XP level 10. HP: 86/86 MP: 7/9
  6224 | D:9      | Noticed Erica
  6238 | D:8      | Killed Erica
  6238 | D:8      | Reached *** piety under Okawaru
  6517 | D:8      | Reached skill level 1 in Stealth
  6517 | D:8      | Reached skill level 10 in Shields
  6567 | D:9      | Found a basalt altar of Yredelemnul.
  6570 | D:9      | Found a bloodstained altar of Trog.
  6580 | D:9      | Found a radiant altar of Vehumet.
  6583 | D:9      | Found a shimmering blue altar of Sif Muna.
  6847 | D:9      | Reached **** piety under Okawaru
  7120 | D:10     | Entered Level 10 of the Dungeon
  7217 | D:10     | Reached skill level 11 in Shields
  7446 | D:10     | Reached XP level 11. HP: 91/94 MP: 10/10
  7469 | D:10     | Found a stormy altar of Qazlal.
  7537 | D:10     | Found a staircase to the Orcish Mines.
  7664 | D:10     | Reached ***** piety under Okawaru
  7967 | D:11     | Noticed a green ugly thing
  7982 | D:11     | Killed a green ugly thing
  7982 | D:11     | Identified the +6 great sword of Vubla {speed, *Noise Drain
                  | rPois Str+5} (Okawaru gifted it to you on level 11 of the
                  | Dungeon)
  7982 | D:11     | Received a gift from Okawaru
  8029 | D:11     | Identified the +7 great sword of Mero {freeze, MP+9 Str+3}
  8049 | D:11     | Identified the +1 shortbow of Honour {drain, Stlth+}
  8128 | D:11     | Noticed a two-headed ogre
  8136 | D:11     | Killed a two-headed ogre
  8137 | D:11     | Reached skill level 12 in Shields
  8176 | D:11     | Noticed Lodul
  8190 | D:11     | Paralysed by Lodul for 4 turns
  8198 | D:11     | Killed Lodul
  8720 | D:8      | Found a staircase to the Lair.
  8764 | D:8      | Found a glowing silver altar of Zin.
  8764 | D:8      | Found Zin's Purification Station.
  9598 | Lair:1   | Entered Level 1 of the Lair of Beasts
  9621 | Lair:1   | Received a gift from Okawaru
  9642 | Lair:1   | Reached skill level 13 in Shields
  9685 | Lair:1   | Noticed an eight-headed hydra
  9702 | Lair:1   | Reached XP level 12. HP: 86/104 MP: 11/11
  9703 | Lair:1   | Killed a six-headed hydra
 10032 | Lair:1   | Identified the +4 trident "Tormentor" {speed, rN+++ Int-3
                  | Dex+4 Stlth-}
 10124 | Lair:1   | Reached skill level 10 in Armour
 10562 | Lair:2   | Reached skill level 5 in Dodging
 10735 | Lair:2   | Reached skill level 10 in Fighting
 10753 | Lair:2   | Reached skill level 14 in Shields
 10791 | Lair:2   | Found a hole to the Spider Nest.
 10927 | Lair:2   | Reached skill level 15 in Long Blades
 11382 | Lair:3   | Identified the +1 robe of the Past {rF+ Slay+3 Archmagi}
 11716 | Lair:3   | Found a staircase to the Swamp.
 11948 | Lair:3   | Reached ****** piety under Okawaru
 11961 | Lair:3   | Identified the +7 plate armour "Senaalo" {Dex+4} (Okawaru
                  | gifted it to you on level 3 of the Lair of Beasts)
 11961 | Lair:3   | Received a gift from Okawaru
 11966 | Lair:3   | Reached XP level 13. HP: 114/114 MP: 12/12
 12280 | Orc:1    | Entered Level 1 of the Orcish Mines
 12530 | Orc:1    | Reached skill level 15 in Shields
 12580 | Orc:1    | Found Gedynuki's General Store.
 12588 | Orc:1    | Bought a potion of heal wounds for 90 gold pieces
 12588 | Orc:1    | Bought a potion of degeneration for 18 gold pieces
 12801 | Orc:2    | Entered Level 2 of the Orcish Mines
 12801 | Orc:2    | Found a staircase to the Elven Halls.
 13091 | Orc:2    | Found Safem's Distillery.
 13166 | Orc:2    | Found Wehiclue's Antique Armour Shoppe.
 13430 | Orc:2    | Found Geoc's General Store.
 13430 | Orc:2    | Found Nine's Weapon Shoppe.
 13436 | Orc:2    | Bought a scroll of identify for 22 gold pieces
 13445 | Orc:2    | Identified 2 scrolls of acquirement
 14710 | Lair:4   | Reached skill level 16 in Shields
 14852 | Lair:4   | Identified the +2 double sword "Goblinslayer" {pain, rF+}
                  | (Okawaru gifted it to you on level 4 of the Lair of Beasts)
 14852 | Lair:4   | Received a gift from Okawaru
 15059 | Lair:4   | Found a staircase to the Slime Pits.
 15059 | Lair:4   | Found a viscous altar of Jiyva.
 15536 | Lair:5   | Entered Level 5 of the Lair of Beasts
 15565 | Lair:5   | Reached XP level 14. HP: 126/126 MP: 13/13
 15738 | Lair:5   | Received a gift from Okawaru
 15830 | Lair:5   | Identified the +1 pair of boots of Philately {+Inv rCorr
                  | Dex+6} (Okawaru gifted it to you on level 5 of the Lair of
                  | Beasts)
 15830 | Lair:5   | Received a gift from Okawaru
 16122 | Lair:5   | Reached skill level 17 in Shields
 16169 | Lair:5   | Found a corrupted altar of Lugonu.
 16169 | Lair:5   | Found a one-way gate to the infinite horrors of the Abyss.
 17318 | D:13     | Reached skill level 1 in Invocations
 17372 | D:13     | Identified the +4 tower shield of the Sneaky Ships {rC+}
                  | (Okawaru gifted it to you on level 13 of the Dungeon)
 17372 | D:13     | Received a gift from Okawaru
 17857 | D:14     | Found a white marble altar of Elyvilon.
 17899 | D:14     | Reached skill level 18 in Shields
 18182 | D:14     | Reached XP level 15. HP: 137/137 MP: 14/14
 18264 | D:14     | Found a gate to the Vaults.
 18811 | D:15     | Entered Level 15 of the Dungeon
 19082 | D:15     | Noticed Rupert
 19100 | D:15     | Killed Rupert
 19109 | D:15     | Identified the +3 robe of Weakyusm {rC- Int+7 Slay-4
                  | Stlth+} (Okawaru gifted it to you on level 15 of the
                  | Dungeon)
 19109 | D:15     | Received a gift from Okawaru
 19132 | D:15     | Reached skill level 19 in Shields
 19636 | D:15     | Found a staircase to the Depths.
 20734 | Elf:1    | Entered Level 1 of the Elven Halls
 20767 | Elf:1    | Reached skill level 1 in Evocations
 20863 | Elf:1    | Acquired the +2 Maxwell's thermic engine {flame, freeze,
                  | rev}
 20863 | Elf:1    | Found the +2 Maxwell's thermic engine {flame, freeze, rev}
 20899 | Elf:1    | Paralysed by an air elemental for 1 turns
 21201 | Elf:1    | Reached skill level 20 in Shields
 21209 | Elf:1    | Paralysed by an air elemental for 1 turns
 21258 | Elf:1    | Paralysed by an air elemental for 1 turns
 21453 | Elf:1    | Found Simik's Armour Boutique.
 21476 | Elf:1    | Reached skill level 15 in Fighting
 21520 | Elf:1    | Found Fexysala's Tiny Tomes.
 21850 | Swamp:1  | Entered Level 1 of the Swamp
 21876 | Swamp:1  | Reached XP level 16. HP: 87/149 MP: 16/16
 22035 | Swamp:1  | Received a gift from Okawaru
 22792 | D:4      | Killed Xaerxx's ghost
 24139 | Elf:2    | Found a runed translucent gate.
 24140 | Elf:2    | Found a runed translucent gate.
 24140 | Elf:2    | Found a runed translucent gate.
 24357 | Elf:3    | Entered Level 3 of the Elven Halls
 24361 | Elf:3    | Paralysed by an air elemental for 1 turns
 24431 | Elf:3    | Found Gumazok's Book Shoppe.
 24433 | Elf:3    | Found Uxuaff's Distillery.
 24436 | Elf:3    | Found Enteap's Distillery.
 24441 | Elf:3    | Bought 2 potions of haste for 300 gold pieces
 24441 | Elf:3    | Bought a potion of invisibility for 120 gold pieces
 24443 | Elf:3    | Bought a potion of heal wounds for 70 gold pieces
 24798 | Elf:3    | Reached skill level 21 in Shields
 24802 | Elf:3    | Identified the +4 broad axe of Courage {flame, rC+}
                  | (Okawaru gifted it to you on level 3 of the Elven Halls)
 24802 | Elf:3    | Received a gift from Okawaru
 24845 | Elf:3    | Found a radiant altar of Vehumet.
 25106 | Elf:3    | Noticed a deep elf master archer
 25117 | Elf:3    | Noticed a deep elf blademaster
 25126 | Elf:3    | Killed a deep elf blademaster
 25130 | Elf:3    | Killed a ghostly deep elf blademaster
 25300 | Elf:3    | Identified the ring of Xigass {Ice Will+ Str+3 Slay-5}
 25302 | Elf:3    | Identified the +0 chain mail "Mothryloy" {rElec Will- Str-2
                  | Dex+9}
 25302 | Elf:3    | Noticed a deep elf master archer
 25367 | Elf:3    | Noticed a deep elf master archer
 25369 | Elf:3    | Identified the +0 hat of Seuj {*Corrode +Inv rElec rPois}
                  | (Okawaru gifted it to you on level 3 of the Elven Halls)
 25369 | Elf:3    | Received a gift from Okawaru
 25374 | Elf:3    | Identified the +9 long sword of Edwyt {speed, *Noise rF+
                  | rC+ rN+ Stlth+}
 25378 | Elf:3    | Killed a deep elf master archer
 25388 | Elf:3    | Killed a deep elf master archer
 25457 | Elf:3    | Identified the ring "Goarghoimm" {rF+ Will+ EV+5 Stlth+}
 25488 | Elf:3    | Killed a deep elf master archer
 25491 | Elf:3    | Killed a ghostly deep elf master archer
 25500 | Elf:3    | Reached skill level 22 in Shields
 25504 | Elf:3    | Reached XP level 17. HP: 58/156 MP: 17/17
 25615 | Elf:3    | Identified the staff of conjuration "Ownine" {Int+2}
 25624 | Elf:3    | Found the +2 hat of the Bear Spirit {Spirit, Bear, *Rage
                  | Will++}
 25628 | Elf:3    | Identified the +2 kite shield of Indomitability {MP-9
                  | Str+5}
 25629 | Elf:3    | Identified the scarf "Ugikliog" {+Inv, +Blink rPois MP+9
                  | Dex+2}
 25642 | Elf:3    | Identified the +3 shortbow of Urphamem {speed, rElec rC+
                  | Int-4}
 26608 | Swamp:2  | Noticed Donald
 26626 | Swamp:2  | Killed Donald
 27244 | Spider:1 | Entered Level 1 of the Spider Nest
 27339 | Spider:1 | Received a gift from Okawaru
 27986 | Spider:2 | You fall into a shaft and drop 1 floor!
 28173 | Spider:3 | Reached skill level 23 in Shields
 28650 | Spider:3 | Noticed Mara
 28659 | Spider:3 | Noticed Peloso's illusion
 28680 | Spider:3 | Killed Mara
 28912 | Spider:3 | Received a gift from Okawaru
 28965 | Spider:3 | Reached XP level 18. HP: 165/170 MP: 7/18
 29861 | Spider:2 | Reached skill level 24 in Shields
 29954 | Spider:2 | Noticed Asterion
 29972 | Spider:2 | Killed Asterion
 30051 | Spider:2 | Identified the +2 scale mail of Objectivity {+Blink Fly
                  | Dex-3}
 30517 | Swamp:3  | Received a gift from Okawaru
 30526 | Swamp:3  | Noticed Bai Suzhen
 30549 | Swamp:3  | Killed Bai Suzhen
 31141 | Swamp:4  | Entered Level 4 of the Swamp
 31268 | Swamp:4  | Identified the +0 tower shield of the Thinker {Rampage
                  | rPois rF- Str+2} (Okawaru gifted it to you on level 4 of
                  | the Swamp)
 31268 | Swamp:4  | Received a gift from Okawaru
 31333 | Swamp:4  | Got a decaying rune of Zot
 31436 | Swamp:4  | Reached skill level 25 in Shields
 31904 | Spider:4 | Entered Level 4 of the Spider Nest
 33012 | Spider:4 | Reached XP level 19. HP: 180/180 MP: 19/19
 33104 | Spider:4 | Reached skill level 15 in Armour
 33125 | Spider:4 | Reached skill level 10 in Dodging
 33144 | Spider:4 | Got a gossamer rune of Zot
 33222 | Spider:4 | HP: 4/180 [jumping spider (14)]
 33496 | Spider:4 | Received a gift from Okawaru
 33844 | Vaults:1 | Entered Level 1 of the Vaults
 33890 | Vaults:1 | Found a portal to a secret trove of treasure.
 34026 | Vaults:1 | Found Bumuradd's Armour Emporium.
 34071 | Vaults:1 | HP: 8/181 [orc knight/+3 battleaxe (39)]
 34071 | Vaults:1 | HP: 2/181 [war gargoyle/+0 morningstar (6)]
 34105 | Vaults:1 | Reached skill level 26 in Shields
 34215 | Vaults:1 | Bought a +0 kite shield of reflection for 93 gold pieces
 34249 | Vaults:1 | Found a runed translucent door.
 34544 | Vaults:1 | Found Ukiycredgh's Antique Armour Shop.
 34765 | Vaults:1 | Received a gift from Okawaru
 34765 | Vaults:1 | Found the +3 pair of seven-league boots {Rampage+∞}
 35149 | Vaults:1 | Identified the +3 falchion of the Freezing Pill Bug
                  | {distort, rElec rPois rF+}
 36063 | Vaults:2 | Found a flickering gateway to a bazaar.
 36076 | Bazaar   | Entered a bazaar
 36076 | Bazaar   | Found Sec Qann's Jewellery Boutique.
 36076 | Bazaar   | Found Rashra's Jewellery Shop.
 36076 | Bazaar   | Found Riyrag's Assorted Antiques.
 36241 | Vaults:2 | Found a staircase to the Crypt.
 36385 | Vaults:2 | Identified the +7 short sword "Zaub" {flame, Int+3}
 36594 | Vaults:2 | Reached XP level 20. HP: 142/193 MP: 20/20
 37221 | Vaults:2 | Reached skill level 27 in Shields
 37224 | Vaults:2 | Received a gift from Okawaru
 37631 | Vaults:3 | Noticed Aizul
 37637 | Vaults:3 | Killed Aizul
 37728 | Vaults:3 | Noticed Saint Roka
 37742 | Vaults:3 | Killed Saint Roka
 38270 | Vaults:3 | Received a gift from Okawaru
 39957 | Vaults:4 | Received a gift from Okawaru
 39962 | Vaults:4 | Reached XP level 21. HP: 200/204 MP: 21/21
 40213 | Vaults:5 | Entered Level 5 of the Vaults
 40523 | Vaults:5 | Identified the scarf of Summertime {harm, Contam Rampage
                  | rPois} (Okawaru gifted it to you on level 5 of the Vaults)
 40523 | Vaults:5 | Received a gift from Okawaru
 40593 | Vaults:5 | Noticed an ancient lich
 40620 | Vaults:5 | Killed an ancient lich
 40772 | Vaults:5 | Killed from afar by a titan

Illustrated notes

Levels and vault maps discovered:
D:1:      giann_wishing_wells, layout_basic
D:2:      layout_basic, grunt_decor_fettered, minmay_nonomino_d4, uniq_robin
D:3:      layout_loops_ring, nemelex_spade_bored_becter,
          minmay_stone_trees_small, hangedman_decor_points
D:4:      layout_loops_corners, ebering_ghost_reflecting_pool,
          roderic_lattice_a, kennysheep_cluttered_room, uniq_edmund, uniq_ijyb
D:5:      layout_loops_ring, lemuel_mausoleum_altar_kikubaaqudgha, temple_hall,
          uniq_duvessa
D:6:      layout_gridville, nicolae_overflow_hallway_of_the_gods,
          amcnicky_altar_gilded, minmay_unpleasant_kobolds
D:7:      layout_basic
D:8:      layout_basic, zin_purify, erik_lair_orcish_takeover,
          eino_tiny_chamber, minmay_joined_circles, uniq_joseph, uniq_maggie
D:9:      layout_cave_pools, grunt_temple_overflow_cloverleaf, uniq_erica
D:10:     layout_cave_pods, mainiacjoe_overflow_catwalk, orc_0_dummy
D:11:     layout_loops_ring, minivault_4, uniq_lodul
D:12:     layout_roguey, st_stairs_2
D:13:     layout_rooms
D:14:     layout_cave_pods, grunt_vaults_entry_tiered, minmay_misc_feat_rows,
          elyvilon_altar_3
D:15:     grunt_enter_depths_magical_seal, layout_loops_ring, minivault_27,
          uniq_rupert
Temple:   nicolae_temple_bog_church
Lair:1:   layout_concentric_octagons, grunt_megastairs_4, serial_bayou_shore_b
Lair:2:   layout_chaotic_city, spider_nest_entry_web_field, evilmike_ambush
          [evilmike_ambush_outer_basic, evilmike_ambush_inner_pond],
          lemuel_fruit_fields
Lair:3:   dragon1_lemuel, layout_gridlike, swamp_mist, st_stairs_10,
          serial_bayou_pond_c
Lair:4:   layout_cave_pods, slime_entry_1, infiniplex_staircase_pool,
          grunt_megastairs_2
Lair:5:   hellmonk_lair_end_abyssal_woods, layout_regular_city
Swamp:1:  layout_basic_swamp, evilmike_swamp_ruin_house_1
Swamp:2:  layout_basic_swamp, serial_swamp_ruin, evilmike_swamp_ruin_house_5,
          evilmike_swamp_ruin_rubble_2, hangedman_swamp_ruin_wall, uniq_donald
Swamp:3:  layout_basic_swamp, nicolae_swamp_trees_clearing, swamp_pool4,
          uniq_bai_suzhen
Swamp:4:  swamp_alternative, layout_basic_swamp, swamp_pool4
Spider:1: layout_spider_delve, drop_trap
Spider:2: layout_spider_delve, uniq_asterion
Spider:3: nicolae_spider_hilbert_zone_2 [nicolae_spider_hilbert_4_sides_1_open,
          nicolae_spider_hilbert_4_sides_1_open,
          nicolae_spider_hilbert_4_sides_1_open,
          nicolae_spider_hilbert_4_sides_1_open,
          nicolae_spider_hilbert_6_sides_1_open,
          nicolae_spider_hilbert_6_sides_1_open,
          nicolae_spider_hilbert_3_sides_1_open,
          nicolae_spider_hilbert_3_sides_1_open,
          nicolae_spider_hilbert_3_sides_1_open,
          nicolae_spider_hilbert_3_sides_1_open,
          nicolae_spider_hilbert_6_sides_1_open,
          nicolae_spider_hilbert_6_sides_1_open,
          nicolae_spider_hilbert_6_sides_1_open,
          nicolae_spider_hilbert_6_sides_1_open], nicolae_spider_jagged_tunnels,
          uniq_mara
Spider:4: floodkiller_spider_rune_tomb, nicolae_spider_twisty_arc_passages
Orc:1:    layout_caves, basic_altar, serial_shops, nicolae_square_shop
Orc:2:    st_orc_town, layout_caves
Elf:1:    layout_geoelf_diagonals, serial_shops, nicolae_shop_statue_plus,
          minivault_28, drop_trap, nicolae_shop_i_like_small_books_too,
          nicolae_elf_glass_and_crystal_pillar_2, hangedman_elf_targetted_burst
Elf:2:    nicolae_elf_blades_crystal_corner, layout_loops_corners, uniq_louise
Elf:3:    minmay_elf_hall_quartered_circle, layout_geoelf_castle, basic_altar,
          minmay_shop_star
Vaults:1: nicolae_vaults_oozy_zoo, ontoclasm_vaults_bender,
          nicolae_vaults_taking_the_gang_shopping, nicolae_vaults_puzzle_piece,
          grunt_vaults_swirl, vaults_dpeg_cross, vaults_room_large_hall,
          nicolae_vaults_cornered_office, nicolae_vaults_apartment_1,
          ontoclasm_vaults_eye, serial_ice_m, hangedman_vaults_variations,
          nicolae_vaults_specimen_jars, nicolae_vaults_trapezoid_4,
          nicolae_vaults_apartment_2, nicolae_vaults_diamond_2,
          layout_vaults_maze_bifur, serial_shops, nicolae_shop_hallway_stairs,
          enter_trove_2
Vaults:2: nicolae_vaults_yaktaur_gun_rack, grunt_vaults_funnel,
          minmay_crypt_entry_simple_statues, nicolae_vaults_storage_closets_3,
          ontoclasm_vaults_pinch, nicolae_vaults_heart-shaped_vault,
          nicolae_vaults_closet_pinwheel_5, v_misc_17,
          nicolae_vaults_storage_closets_1, nicolae_vaults_diamond_1,
          layout_vaults_omnigrid, serial_shops, bzr_entry_customers
Vaults:3: nicolae_vaults_circle_grid_a, v_misc_30,
          nicolae_vaults_variable_pillar_hall, vaults_mumra_hex, v_misc_33,
          v_misc_3, v_alt_pattern_4, nicolae_vaults_angled_halls,
          nicolae_vaults_big_angled_halls, v_misc_8, vaults_room_pools,
          vaults_room_pools, v_pattern_2, ontoclasm_vaults_misaligned,
          ontoclasm_vaults_twist, layout_vaults_omnibox, uniq_saint_roka,
          uniq_aizul
Vaults:4: vaults_room_guarded_vault, nicolae_vaults_house_1, v_rooms_3,
          nicolae_vaults_little_squares_3, nicolae_vaults_asterisk, v_misc_5,
          grunt_vaults_twisty, nicolae_vaults_trapezoid_2,
          nicolae_vaults_hexular_roomagon, nicolae_vaults_closet_pinwheel_3,
          nicolae_vaults_door_testing_chamber, layout_vaults_ring
Vaults:5: serial_shops

Skill      XL: |  1  2  3  4  5  6  7  8  9 10 11 12 13 14 15 16 17 18 19 20 21 |
---------------+----------------------------------------------------------------+-----
Armour         | 4 5 6 7 8 9 11 12 13 14 15 16 17 | 17.4
Shields        | 4 5 6 7 9 11 13 14 16 18 20 22 23 25 26 27 | 27.0
Fighting       | 4 5 6 7 8 9 10 12 13 15 16 17 18 19 21 22 | 22.3
Long Blades    | 3 4 5 7 9 11 12 14 15 16 17 18 19 20 21 22 23 | 23.3
Dodging        | 1 2 3 4 5 6 7 8 9 10 11 12 | 12.2
Stealth        | 1 2 3 |  3.2
Invocations    | 1 2 |  2.7
Evocations     | 1 |  1.6
Unarmed Combat | |  0.8

Action                     |  1- 3 |  4- 6 |  7- 9 | 10-12 | 13-15 | 16-18 | 19-21 || total
---------------------------+-------+-------+-------+-------+-------+-------+-------++-------
  Melee: Long sword        |    84 |   173 |   285 |       |       |       |       ||   542
         Headbutt          |    14 |    28 |    61 |   139 |   363 |   329 |   348 ||  1282
         Scimitar          |       |       |       |   567 |   409 |       |       ||   976
         Unarmed           |       |       |       |     8 |       |       |       ||     8
         Double sword      |       |       |       |       |   929 |  1319 |  1156 ||  3404
 Invoke: Heroism           |       |       |     1 |     2 |     3 |     6 |     6 ||    18
  Evoke: Wand              |       |       |       |       |    11 |       |       ||    11
    Use: Potion            |     2 |     1 |     1 |       |       |     2 |    10 ||    16
         Scroll            |     1 |     5 |       |     5 |    11 |     9 |     6 ||    37
   Stab: Confused          |       |       |       |       |       |     3 |       ||     3
 Armour: Scale mail        |    46 |    91 |       |       |       |       |       ||   137
         Chain mail        |       |     3 |   172 |   360 |   480 |   558 |   645 ||  2218
  Dodge: Dodged            |    22 |    65 |    66 |   200 |   336 |   493 |   722 ||  1904
  Block: Kite shield       |    46 |    83 |   160 |   450 |   569 |       |  1056 ||  2364
         Buckler           |     1 |       |       |       |       |       |       ||     1
         Tower shield      |       |       |       |       |   494 |  1953 |   410 ||  2857
         Reflection        |       |       |       |       |       |       |    23 ||    23
